 Dungeon Crawl Stone Soup version 0.24.0-13-gcf9b3192b9 (webtiles) character file.

Game seed: 7678696263552608108, levelgen mode: classic

98 EnegeticOcto the Skirmisher (level 4, -1/29 HPs)
             Began as a Gargoyle Fighter on Nov 6, 2019.
             Was an Initiate of Okawaru.
             Slain by a killer bee (4 damage)
             ... on level 2 of the Dungeon.
             The game lasted 00:01:33 (1538 turns).

EnegeticOcto the Skirmisher (Gargoyle Fighter)      Turns: 1538, Time: 00:01:33

Health: -1/29      AC: 10    Str: 25    XL:     4   Next: 69%
Magic:  4/4        EV: 13    Int:  9    God:    Okawaru [......]
Gold:   92         SH:  9    Dex:  9    Spells: 3/3 levels left

rFire    . . .     SeeInvis .   a - +0 war axe
rCold    . . .     Gourm    .   c - +0 shield
rNeg     + . .     Faith    .   b - +0 scale mail
rPois    ∞         Spirit   .   (no helmet)
rElec    +         Reflect  .   (no cloak)
rCorr    .         Harm     .   (no gloves)
MR       .....                  (no boots)
Stlth    ..........             (no amulet)
HPRegen  0.09/turn              r - ring of attention (curse)
MPRegen  0.09/turn              j - +6 ring of evasion

@: mighty
A: negative energy resistance 1, electricity resistance, unbreathing,
petrification resistance, rot immunity, AC +3
a: Renounce Religion


You were on level 2 of the Dungeon.
You worshipped Okawaru.
Okawaru was noncommittal.
You were not hungry.

You visited 1 branch of the dungeon, and saw 3 of its levels.

You collected 92 gold pieces.

Inventory:

Hand Weapons
 a - a +0 war axe (weapon)
Armour
 b - a +0 scale mail (worn)
 c - a +0 shield (worn)
Jewellery
 j - a +6 ring of evasion (right hand)
 k - an uncursed ring of ice
 q - an uncursed ring of positive energy
 r - a cursed ring of attention (left hand)
Scrolls
 g - a scroll of enchant weapon {unknown}
 l - a scroll of immolation {unknown}
 n - 3 scrolls of identify {unknown}
 p - 3 scrolls of remove curse {unknown}
 s - 2 scrolls of teleportation {unknown}
 t - a scroll of blinking {unknown}
 u - a scroll of random uselessness {unknown}
Potions
 f - a potion of curing {unknown}
 i - a potion of haste {unknown}
 m - a potion of ambrosia {unknown}
 v - a potion of lignification {unknown}
Comestibles
 e - 4 rations


   Skills:
 + Level 4.0 Fighting
 * Level 3.0 Axes
 + Level 3.8 Armour
 + Level 3.9 Shields
 + Level 0.3 Invocations


You had 3 spell levels left.
You didn't know any spells.
Your spell library was empty.

Dungeon Overview and Level Annotations

Branches:
Dungeon (3/15)

Altars:
Makhleb
Okawaru


Innate Abilities, Weirdness & Mutations

You are resistant to torment.
Your stone body is resilient. (AC +3)
You are immune to poison.
You resist negative energy. (rN+)
You are resistant to electric shocks. (rElec)
You can survive without breathing.
You are immune to petrification.
You are immune to rotting.


Message History

You see here a dagger.
Done exploring.
Done exploring.
Done exploring.
(D) Dungeon
Where to? (Enter - D:2, ? - help) Some of the chunks of flesh in your inventory have rotted away.
There is a stone staircase leading down here.
You climb downwards.
A killer bee and a kobold come into view.
The kobold shouts!
The killer bee buzzes angrily.
Found a dark potion.
There is a stone staircase leading up here.
A killer bee comes into view.
You block the kobold's attack.
There is a dry fountain here.
You miss the killer bee. You hit the kobold but do no damage.
You block the killer bee's attack.
A killer bee comes into view.
You block the killer bee's attack. The kobold hits you but does no damage.
An orc priest comes into view.
You miss the killer bee. You closely miss the kobold.
The killer bee buzzes angrily.
The orc priest shouts!
You hear an angry buzzing noise.
You hear a shout!
A killer bee comes into view.
You block the killer bee's attack.
The killer bee stings you but does no damage.
You block the kobold's attack. The killer bee stings you.
The killer bee stings you but does no damage.
The killer bee buzzes angrily.
You miss the killer bee. You barely miss the kobold. You hit the killer bee.
You hear an angry buzzing noise.
You hear a shout!
The killer bee closely misses you.
A killer bee comes into view.
The kobold closely misses you. The killer bee completely misses you.
The killer bee stings you but does no damage.
The kobold completely misses you.
The killer bee moves out of view.
The killer bee stings you but does no damage.
You block the killer bee's attack. The killer bee misses you.
The killer bee stings you. The killer bee misses you.
There is a stone staircase leading up here.
The killer bee barely misses you. You block the killer bee's attack.
The killer bee barely misses you.
The orc priest looks satisfied for a moment.
The killer bee stings you but does no damage.
The killer bee closely misses you.
You climb upwards.
There is a stone staircase leading down here.
Okay, then.
You block the killer bee's attack. The killer bee closely misses you.
You block the killer bee's attack. x2
The killer bee barely misses you.
There is an open door here.
You miss the killer bee. You block the killer bee's attack.
The killer bee stings you but does no damage.
You block the killer bee's attack.
You closely miss the killer bee.
The killer bee stings you but does no damage.
The killer bee stings you. The killer bee misses you.
You closely miss the killer bee.
The killer bee stings you but does no damage.
The killer bee stings you.
You closely miss the killer bee. The killer bee closely misses you.
You block the killer bee's attack.
The killer bee stings you but does no damage.
You closely miss the killer bee. You block the killer bee's attack.
The killer bee closely misses you.
The killer bee stings you but does no damage.
You miss the killer bee. You block the killer bee's attack. x2
The killer bee stings you but does no damage.
You miss the killer bee. The killer bee stings you.
You block the killer bee's attack. The killer bee barely misses you.
You miss the killer bee. The killer bee closely misses you.
The killer bee barely misses you.
The killer bee stings you but does no damage.
Really quaff
d - a potion of might {@q3 !q}?
You feel very mighty all of a sudden. The killer bee stings you.
You block the killer bee's attack.
You miss the killer bee.
The killer bee stings you but does no damage. x2
The killer bee barely misses you.
You closely miss the killer bee. The killer bee completely misses you.
The killer bee stings you.
* * * LOW HITPOINT WARNING * * *
The killer bee misses you.
You barely miss the killer bee. You block the killer bee's attack.
The killer bee stings you but does no damage.
The killer bee misses you.
All of the chunks of flesh in your inventory have rotted away.
You closely miss the killer bee. You block the killer bee's attack. x3
Your shield and scale mail prevent you from hitting the killer bee.
The killer bee stings you.
* * * LOW HITPOINT WARNING * * *
The killer bee closely misses you. The killer bee barely misses you.
You miss the killer bee. The killer bee stings you.
* * * LOW HITPOINT WARNING * * *
You block the killer bee's attack.
It was a potion of magic.
Magic courses through your body. You block the killer bee's attack.
The killer bee stings you.
You die...

.....#..'.........# #.........
#......##.........# #.....#'##
.....#............# #.....#...
..#######.######### #.....#.##
.....# #.####...# #.....#.##
.....# #....#.>.# ####.....#
.....# ####....).##########.#....
...### #.....#.###........#......
##.# #.#......@yy>......####...
##.#####.##.######..............#
)...........# #########.......
########.##.# #......# #.##.#
#......# #....# #......# ######
#######....... #............#
#.#####.##+#..


You could see 2 killer bees.

Vanquished Creatures
  Terence (D:2)
  2 adders (D:2)
  3 worms (D:2)
  A dart slug (D:1)
  A leopard gecko (D:2)
  5 bats
  4 giant cockroaches
  3 goblins (D:1)
  6 hobgoblins
  A ball python (D:1)
  4 frilled lizards
  6 kobolds
  8 rats
45 creatures vanquished.

Notes
Turn   | Place    | Note
-------+----------+-------------------------------------------
     0 | D:1      | EnegeticOcto the Gargoyle Fighter began the quest for the
                  | Orb.
     0 | D:1      | Reached XP level 1. HP: 14/14 MP: 1/1
   193 | D:1      | Reached XP level 2. HP: 19/19 MP: 2/2
   525 | D:1      | Reached XP level 3. HP: 23/23 MP: 3/3
  1019 | D:2      | Noticed Terence
  1024 | D:2      | Killed Terence
  1024 | D:2      | Reached XP level 4. HP: 29/29 MP: 4/4
  1044 | D:2      | Found an iron altar of Okawaru.
  1054 | D:2      | Became a worshipper of Warmaster Okawaru
  1117 | D:2      | Found a burning altar of Makhleb.
  1296 | D:2      | Reached skill level 4 in Fighting
  1538 | D:2      | Slain by a killer bee

Levels and vault maps discovered:
D:1:      minmay_arrival_widening_spiral_narrow, layout_basic,
          minmay_misc_feat_chi
D:2:      layout_basic, nicolae_overflow_crystal_walls,
          okawaru_ov_weapons_minmay, uniq_terence
D:3:      layout_loops_ring, eat_drink_and_be_merry_uskayaw, first_ration,
          grunt_ministairs_4

Skill      XL: |  1  2  3  4 |
---------------+-------------+-----
Axes           | 2 3 |  3.0
Fighting       | 4 |  4.0
Armour         | |  3.8
Shields        | |  3.9
Invocations    | |  0.3

Action                   |  1- 3 |  4- 6 || total
-------------------------+-------+-------++-------
Melee: War axe           |   108 |    55 ||   163
  Use: Potion            |       |     2 ||     2
  Eat: Chunk             |     1 |     1 ||     2
Armor: Scale mail        |    51 |    32 ||    83
Dodge: Dodged            |    58 |    44 ||   102
Block: Shield            |    58 |    37 ||    95
